 Dungeon Crawl Stone Soup version 0.21.1-1-g345015f (webtiles) character file.

244 theblackcape the Cleaver (level 6, -3/47 HPs)
             Began as a Gnoll Wanderer on June 14, 2018.
             Slain by an orc warrior
             ... wielding a +0 flail
              (7 damage)
             ... on level 4 of the Dungeon.
             The game lasted 00:15:41 (2416 turns).

theblackcape the Cleaver (Gnoll Wanderer)           Turns: 2416, Time: 00:15:41

Health: -3/47      AC: 13    Str: 17    XL:     6   Next: 10%
Magic:  8/8        EV:  6    Int: 14    God:
Gold:   162        SH:  0    Dex: 14    Spells: 5/8 levels left

rFire    . . .     SeeInvis .   a - +2 hand axe
rCold    . . .     Gourm    .   (no shield)
rNeg     . . .     Faith    .   q - +0 plate armour
rPois    .         Spirit   .   (no helmet)
rElec    .         Reflect  .   (no cloak)
rCorr    .         Harm     .   o - +0 pair of gloves
MR       .....                  (no boots)
Stlth    ..........             p - amulet of rage
HPRegen  0.15/turn              l - ring of wizardry
MPRegen  0.11/turn              (no ring)

@: no status effects
A: distributed training, fangs 1, strong nose
a: Evoke Berserk Rage


You were on level 4 of the Dungeon.
You were not hungry.

You visited 1 branch of the dungeon, and saw 4 of its levels.

You collected 162 gold pieces.

Inventory:

Hand Weapons
 a - a +2 hand axe (weapon)
 b - a +0 hand crossbow
Missiles
 c - 32 bolts
Armour
 d - a +0 ring mail
 o - a +0 pair of gloves (worn)
 q - a +0 plate armour (worn)
Jewellery
 l - a ring of wizardry (left hand)
 p - an amulet of rage (around neck)
Wands
 s - a wand of iceblast (9)
 x - a wand of digging (10)
Scrolls
 e - 2 scrolls of fog {unknown}
 h - 3 scrolls of amnesia {unknown}
 k - 5 scrolls of identify
 r - a scroll of enchant armour {unknown}
 t - a scroll of magic mapping {unknown}
 u - a scroll of teleportation {unknown}
 v - a scroll of blinking {unknown}
Potions
 i - a potion of berserk rage {unknown}
 j - a potion of curing {unknown}
 n - a potion of ambrosia {unknown}
 w - a potion of heal wounds {unknown}
Books
 m - a book of the Warp

   Spells                             Type                      Level
   a - Gell's Gravitas                Translocation                3
   b - Portal Projectile              Hexes/Translocation          3
   c - Force Lance                    Conjuration/Translocation    4
   d - Dispersal                      Translocation                6
   e - Controlled Blink               Translocation                8
   f - Disjunction                    Translocation                8
Comestibles
 f - 13 rations
 g - 10 chunks of flesh


   Skills:
 + Level 3.1 Fighting
 + Level 1.7 Short Blades
 + Level 1.7 Long Blades
 + Level 10.5 Axes
 + Level 1.7 Maces & Flails
 + Level 1.7 Polearms
 + Level 1.7 Staves
 + Level 1.7 Slings
 + Level 1.7 Bows
 + Level 1.7 Crossbows
 + Level 3.1 Throwing
 + Level 4.9 Armour
 + Level 1.7 Dodging
 + Level 1.7 Stealth
 + Level 3.1 Shields
 + Level 1.7 Unarmed Combat
 + Level 1.7 Spellcasting
 + Level 1.3 Conjurations
 + Level 1.3 Hexes
 + Level 1.3 Charms
 + Level 1.3 Summonings
 + Level 1.3 Necromancy
 + Level 1.3 Translocations
 + Level 1.3 Transmutations
 + Level 1.3 Fire Magic
 + Level 1.3 Ice Magic
 + Level 1.3 Air Magic
 + Level 1.3 Earth Magic
 + Level 1.3 Poison Magic
 + Level 2.0 Invocations
 + Level 1.7 Evocations


You had 5 spell levels left.
You knew the following spells:

 Your Spells              Type           Power        Failure   Level  Hunger
a - Gell's Gravitas       Tloc           #.........   99%         3    ####...


Dungeon Overview and Level Annotations

Branches:
Dungeon (4/15)
 Temple: D:4-7

Altars:
Kikubaaqudgha
Nemelex Xobeh
Sif Muna
Zin

Shops:
D:4 :


Innate Abilities, Weirdness & Mutations

Your experience applies equally to all skills.
You have very sharp teeth.
Your uncanny sense of smell can sniff out nearby items.


Message History

You hit the orc warrior but do no damage.
The orc warrior is severely wounded.
The orc warrior hits you with a flail!
* * * LOW HITPOINT WARNING * * *
You hit the orc warrior.
The orc warrior is almost dead.
The orc warrior hits you with a flail.
* * * LOW HITPOINT WARNING * * *
The orc hits you but does no damage.
You hit the orc warrior but do no damage.
The orc warrior is almost dead.
You hit the orc warrior.
You bite the orc warrior, but do no damage.
The orc warrior is almost dead.
The orc warrior hits you with a flail.
* * * LOW HITPOINT WARNING * * *
A worker ant comes into view.
The worker ant twitches its antennae in your direction.
The orc warrior hits you with a flail!
You die...

.. #.. ...# ∆ ∆ ∆ ∆ .....
#######... ####.#.....
####........# .....#.....#
####.....@## ####...!....o#
.....##...ao############
......)....o.oo........#####
...........##o.............##
......$..####..######.##.....
...#....##....## ##.o##.....
.......###.#### ###..........
....... .. #....###.....


You could see an orc warrior, a worker ant and 2 orcs.

Vanquished Creatures
  An orc priest (D:4)
  A hound (D:2)
  2 worker ants (D:4)
  5 adders
  2 worms (D:2)
  3 dart slugs
  2 leopard geckos
  8 orcs
  2 giant cockroaches
  5 goblins
  11 hobgoblins
  2 jackals (D:1)
  6 kobolds
  7 bats
  8 frilled lizards
  14 rats
79 creatures vanquished.

Vanquished Creatures (others)
  A human (D:3)
1 creature vanquished.

Grand Total: 80 creatures vanquished

Notes
Turn   | Place    | Note
-------+----------+-------------------------------------------
     0 | D:1      | Reached skill level 10 in Axes
     0 | D:1      | theblackcape the Gnoll Wanderer began the quest for the Orb.
     0 | D:1      | theblackcape set off with: a +2 hand axe, a +0 hand crossbow, 23 bolts, a +0 ring mail, a ration
     0 | D:1      | Reached XP level 1. HP: 17/17 MP: 1/1
    99 | D:1      | Reached XP level 2. HP: 22/23 MP: 2/2
   680 | D:1      | Reached XP level 3. HP: 25/28 MP: 3/3
   979 | D:2      | Reached skill level 1 in Invocations
  1018 | D:2      | Found a deep blue altar of Sif Muna.
  1164 | D:2      | Found a glowing silver altar of Zin.
  1199 | D:2      | Reached skill level 1 in Short Blades
  1199 | D:2      | Reached skill level 1 in Long Blades
  1199 | D:2      | Reached skill level 1 in Maces & Flails
  1199 | D:2      | Reached skill level 1 in Polearms
  1199 | D:2      | Reached skill level 1 in Staves
  1199 | D:2      | Reached skill level 1 in Slings
  1199 | D:2      | Reached skill level 1 in Bows
  1199 | D:2      | Reached skill level 1 in Crossbows
  1199 | D:2      | Reached skill level 1 in Dodging
  1199 | D:2      | Reached skill level 1 in Stealth
  1199 | D:2      | Reached skill level 1 in Unarmed Combat
  1199 | D:2      | Reached skill level 1 in Spellcasting
  1199 | D:2      | Reached skill level 1 in Evocations
  1244 | D:2      | Reached XP level 4. HP: 27/34 MP: 5/5
  1393 | D:2      | Learned a level 3 spell: Gell's Gravitas
  1504 | D:2      | Reached skill level 1 in Conjurations
  1504 | D:2      | Reached skill level 1 in Hexes
  1504 | D:2      | Reached skill level 1 in Charms
  1504 | D:2      | Reached skill level 1 in Summonings
  1504 | D:2      | Reached skill level 1 in Necromancy
  1504 | D:2      | Reached skill level 1 in Translocations
  1504 | D:2      | Reached skill level 1 in Transmutations
  1504 | D:2      | Reached skill level 1 in Fire Magic
  1504 | D:2      | Reached skill level 1 in Ice Magic
  1504 | D:2      | Reached skill level 1 in Air Magic
  1504 | D:2      | Reached skill level 1 in Earth Magic
  1504 | D:2      | Reached skill level 1 in Poison Magic
  1663 | D:2      | Reached XP level 5. HP: 40/40 MP: 6/6
  1865 | D:3      | Found a sparkling altar of Nemelex Xobeh.
  2014 | D:3      | Found an ancient bone altar of Kikubaaqudgha.
  2015 | D:3      | Noticed a human
  2018 | D:3      | Killed a human
  2229 | D:4      | Found Onkitido's Book Shop.
  2273 | D:4      | Reached XP level 6. HP: 33/47 MP: 8/8
  2358 | D:4      | Noticed an orc warrior
  2416 | D:4      | Slain by an orc warrior

Skill      XL: |  1  2  3  4  5  6 |
---------------+-------------------+-----
Axes           | | 10.5
Invocations    | 1 2 |  2.0
Short Blades   | 1 |  1.7
Long Blades    | 1 |  1.7
Maces & Flails | 1 |  1.7
Polearms       | 1 |  1.7
Staves         | 1 |  1.7
Slings         | 1 |  1.7
Bows           | 1 |  1.7
Crossbows      | 1 |  1.7
Dodging        | 1 |  1.7
Stealth        | 1 |  1.7
Unarmed Combat | 1 |  1.7
Spellcasting   | 1 |  1.7
Evocations     | 1 |  1.7
Conjurations   | 1 |  1.3
Hexes          | 1 |  1.3
Charms         | 1 |  1.3
Summonings     | 1 |  1.3
Necromancy     | 1 |  1.3
Translocations | 1 |  1.3
Transmutations | 1 |  1.3
Fire Magic     | 1 |  1.3
Ice Magic      | 1 |  1.3
Air Magic      | 1 |  1.3
Earth Magic    | 1 |  1.3
Poison Magic   | 1 |  1.3
Fighting       | 3 |  3.1
Throwing       | 3 |  3.1
Shields        | 3 |  3.1
Armour         | |  4.9

Action                   |  1- 3 |  4- 6 || total
-------------------------+-------+-------++-------
Melee: Hand axe          |   103 |   122 ||   225
       Bite              |    11 |    13 ||    24
       Punch             |       |     2 ||     2
  Use: Scroll            |     3 |     1 ||     4
  Eat: Chunk             |     1 |     4 ||     5
Armor: Ring mail         |    38 |    11 ||    49
       Plate armour      |       |    40 ||    40
Dodge: Dodged            |    42 |    32 ||    74
